Thunder vs Mustangs
Created - 25 janvier 2016 at 19:13
Goals
|
| Thunder |
3 |
1 |
2 |
6 |
| Mustangs |
0 |
2 |
1 |
3 |
|
Shots
|
| Thunder |
12 |
14 |
9 |
35 |
| Mustangs |
5 |
18 |
12 |
35 |
|
1st period
1. Thunder , Tom Pyatt 22 (Keith Yandle, Brett Festerling) at 14:31
2. Thunder , Adam Hall 30 (Dany Roussin, Brett Festerling) at 16:17
3. Thunder , Adam Hall 31 (Pierre-Alexandre Parenteau) at 18:37
Penalties :
Colby Cohen (TRO) for Hooking (Minor) at 11:34
2nd period
4. Thunder , Pierre-Alexandre Parenteau 18 (Matt Generous, Brandon Mashinter) at 14:50
5. Mustangs , Eric Godard 14 (Ryan O'Reilly, Tom Gilbert) at 16:38
6. Mustangs , Ben Eager 24 (Eric Godard, Derek Joslin) at 18:28
Penalties :
Casey Pierro-Zabotel (TRO) for Delaying the game (Minor) at 0:48, Mat Clark (TRO) for Slashing (Minor) at 3:52
3rd period
7. Mustangs , Jared Cowen 7 (Evander Kane) at 0:56
8. Thunder , Daultan Leveillé 3 (Robin Leblanc, Casey Pierro-Zabotel) at 12:54
9. Thunder , Matt Martin 12 (Pierre-Alexandre Parenteau, Brandon Mashinter) at 14:51
Penalties :
David Fischer (TRO) for High sticking (Minor) at 6:03, Joey Ryan (TRO) for Slashing (Minor) at 6:46
Goalie Stats
Corey Crawford (TRO), 32 saves from 35 shots - (0,914), W, 17-14-3, 60:00 minutes
Maxime Ouellet (Ham), 29 saves from 35 shots - (0,829), L, 16-9-4, 60:00 minutes
Players Stats for Thunder
Player Name G A P +/- PIM S H SB GA TA FO MP PP MP PK MP
------------------------------------------------------------------------------------
Adam Hall 2 0 2 1 0 6 0 0 1 0 4/6 21:43 0:00 4:42
Bobby Farnham 0 0 0 0 0 0 0 0 0 0 0/0 0:19 0:00 0:00
Brandon Mashinter 0 2 2 1 0 1 1 0 0 0 7/13 13:33 0:00 0:00
Brett Festerling 0 2 2 1 0 0 1 0 0 0 0/0 10:35 0:00 0:28
Casey Pierro-Zabotel 0 1 1 1 2 1 0 1 1 0 0/0 10:40 0:00 0:00
Colby Cohen 0 0 0 2 2 0 0 0 0 0 0/0 6:11 0:00 0:00
Dalton Smith 0 0 0 0 0 1 0 0 0 1 0/0 9:49 0:00 0:01
Dany Roussin 0 1 1 1 0 4 2 0 0 0 2/2 19:46 0:00 2:52
Daultan Leveillé 1 0 1 1 0 3 1 1 0 0 0/2 12:46 0:00 1:47
David Fischer 0 0 0 1 2 0 1 3 0 0 0/0 18:28 0:00 2:46
Derek Forbort 0 0 0 0 0 0 0 0 0 0 0/0 0:36 0:00 0:36
Dmitri Orlov 0 0 0 1 0 0 0 0 0 0 0/0 5:14 0:00 0:00
Jannik Hansen 0 0 0 -1 0 0 1 1 0 0 0/0 8:50 0:00 0:00
Jesse Blacker 0 0 0 0 0 0 0 0 0 0 0/0 0:00 0:00 0:00
Joey Ryan 0 0 0 1 2 0 1 1 0 0 0/0 18:37 0:00 2:29
Keith Yandle 0 1 1 0 0 1 1 0 3 0 0/0 25:22 0:00 5:05
Kelly Zajac 0 0 0 -1 0 0 1 0 0 0 0/2 8:50 0:00 0:00
Mat Clark 0 0 0 1 2 0 0 1 0 0 0/0 10:06 0:00 0:00
Matt Generous 0 1 1 0 0 3 0 1 1 0 0/0 25:22 0:00 5:05
Matt Martin 1 0 1 1 0 6 3 0 0 0 1/1 15:39 0:00 2:06
Pierre-Alexandre Parente 1 2 3 1 0 4 1 1 2 0 1/3 18:01 0:00 4:15
Robin Leblanc 0 1 1 1 0 2 0 1 0 0 0/1 10:34 0:00 0:00
Scott Parse 0 0 0 0 0 0 0 0 0 0 0/0 0:00 0:00 0:00
Taylor Doherty 0 0 0 0 0 0 0 0 0 0 0/0 0:52 0:00 0:52
Tom Pyatt 1 0 1 2 0 3 2 1 0 0 15/26 18:07 0:00 0:15
Players Stats for Mustangs
Player Name G A P +/- PIM S H SB GA TA FO MP PP MP PK MP
------------------------------------------------------------------------------------
Ben Eager 1 0 1 1 0 4 2 0 0 1 0/0 19:04 4:11 0:00
Brayden Schenn 0 0 0 0 0 3 0 0 0 1 9/27 21:22 4:23 0:00
Cameron Gaunce 0 0 0 0 0 2 1 1 0 1 0/0 15:17 0:00 0:00
Daniel Winnik 0 0 0 0 0 5 2 0 0 0 0/0 6:34 0:05 0:00
Denis Shvidki 0 0 0 -4 0 0 0 1 1 0 0/0 13:17 0:05 0:00
Derek Joslin 0 1 1 -1 0 0 1 0 0 2 0/0 19:58 4:18 0:00
Eric Godard 1 1 2 1 0 4 0 0 0 0 0/0 19:04 4:11 0:00
Eric Gryba 0 0 0 -1 0 3 0 1 0 0 0/0 26:52 4:21 0:00
Evander Kane 0 1 1 0 0 2 1 0 0 1 2/2 21:22 4:23 0:00
Jared Cowen 1 0 1 -1 0 2 2 0 0 0 0/0 27:11 4:35 0:00
Jerome Samson 0 0 0 0 0 1 0 0 0 0 0/0 6:17 0:00 0:00
Marcus Foligno 0 0 0 -4 0 0 3 0 0 0 1/1 13:00 0:00 0:00
Nate Guenin 0 0 0 -1 0 1 0 0 0 1 0/0 13:10 0:00 0:00
Reilly Smith 0 0 0 0 0 2 0 0 0 0 1/2 21:22 4:23 0:00
Rick Schofield 0 0 0 0 0 1 0 0 0 0 1/1 6:17 0:00 0:00
Riley Armstrong 0 0 0 -4 0 1 1 0 0 1 3/7 13:17 0:05 0:00
Ryan O'Reilly 0 1 1 1 0 1 2 0 0 0 9/16 19:04 4:11 0:00
Tom Gilbert 0 1 1 -2 0 3 1 2 0 0 0/0 17:32 4:04 0:00
3 Stars
1 - Pierre-Alexandre Parenteau (TRO)
2 - Adam Hall (TRO)
3 - Tom Pyatt (TRO)
Power Play
Thunder - 0 on 0 Attempt(s) - 0,00%
Mustangs - 0 on 5 Attempt(s) - 0,00%
Penalty Kill
Thunder - 5 on 5 Attempt(s) - 100,00%
- Score 0 goal in Penalty Kill
Mustangs - 0 on 0 Attempt(s) - 0,00%
- Score 0 goal in Penalty Kill
Team Stat
Thunder - Hits : 16 - Faceoff Wins : 30 - Blocked Shots : 12 - Penalty Minutes : 10
Mustangs - Hits : 16 - Faceoff Wins : 26 - Blocked Shots : 5 - Penalty Minutes : 0
Official
Referees : McCauley Wes and Fraser Kerry
Linesman : Mark Shewchyk and Tim Nowak
Game Notes
No Game Note
Finance
Level 1 -- Attendance: 1437 (71,85%) -- Ticket Income 57 480 $
Level 2 -- Attendance: 673 (67,30%) -- Ticket Income 13 460 $
Total Attendance: 2110 (70,33%)
Total Ticket Income: 70 940 $
Other Income: 3 547 $
Total Income: 74 487 $
Thunder
5 vs 5 Forward
Center Left Wing Right Wing Time % Phy DF OF
1 Tom Pyatt Dany Roussin Adam Hall 40 1 2 2
2 Brandon Mashinter Matt Martin Pierre-Alexandre Parentea30 1 2 2
3 Daultan Leveillé Casey Pierro-Zabotel Robin Leblanc 20 1 2 2
4 Kelly Zajac Dalton Smith Jannik Hansen 10 1 2 2
5 vs 5 Defense
Defense Defense Time % Phy DF OF
1 Keith Yandle Matt Generous 40 1 2 2
2 Joey Ryan David Fischer 30 1 2 2
3 Brett Festerling Mat Clark 20 1 2 2
4 Colby Cohen Dmitri Orlov 10 1 2 2
PowerPlay Forward
Center Left Wing Right Wing Time % Phy DF OF
1 Tom Pyatt Dany Roussin Adam Hall 60 1 2 2
2 Brandon Mashinter Matt Martin Pierre-Alexandre Parentea40 1 2 2
PowerPlay Defense
Defense Defense Time % Phy DF OF
1 Keith Yandle Matt Generous 60 1 2 2
2 Joey Ryan David Fischer 40 1 2 2
Penalty Kill 4 Players Forward
Center Wing Time % Phy DF OF
1 Adam Hall Pierre-Alexandre Parentea60 1 2 2
2 Dany Roussin Matt Martin 40 1 2 2
Penalty Kill 4 Players Defense
Defense Defense Time % Phy DF OF
1 Keith Yandle Matt Generous 60 1 2 2
2 Joey Ryan David Fischer 40 1 2 2
Penalty Kill - 3 Players Forward
Forward Time % Phy DF OF
1 Adam Hall 60 1 2 2
2 Pierre-Alexandre Parentea 40 1 2 2
Penalty Kill - 3 Players Defense
Defense Defense Time % Phy DF OF
1 Keith Yandle Matt Generous 60 1 2 2
2 Joey Ryan David Fischer 40 1 2 2
4 vs 4 Forward
Center Wing Time % Phy DF OF
1 Adam Hall Pierre-Alexandre Parentea60 1 2 2
2 Dany Roussin Matt Martin 40 1 2 2
4 vs 4 Defense
Defense Defense Time % Phy DF OF
1 Keith Yandle Matt Generous 60 1 2 2
2 Joey Ryan David Fischer 40 1 2 2
Last Minutes Offensive
Center Left Wing Right Wing Defense Defense
Tom Pyatt Dany Roussin Adam Hall Keith Yandle Matt Generous
Last Minutes Defensive
Center Left Wing Right Wing Defense Defense
Tom Pyatt Dany Roussin Adam Hall Keith Yandle Matt Generous
Goaltenders
Starting : Corey Crawford
Backup : Barry Brust
Extra Forwards
Normal : Bobby Farnham, Robin Leblanc, Daultan Leveillé - PP : Bobby Farnham, Robin Leblanc - PK : Daultan Leveillé
Extra Defensemen
Normal : Jesse Blacker, Taylor Doherty, Derek Forbort - PP : Jesse Blacker - PK : Taylor Doherty, Derek Forbort
Penalty Shots
Adam Hall, Pierre-Alexandre Parenteau, Dany Roussin, Matt Martin, Tom Pyatt
Mustangs
5 vs 5 Forward
Center Left Wing Right Wing Time % Phy DF OF
1 Brayden Schenn Evander Kane Reilly Smith 40 0 1 4
2 Ryan O'Reilly Ben Eager Eric Godard 30 0 1 4
3 Riley Armstrong Marcus Foligno Denis Shvidki 20 0 1 4
4 Rick Schofield Daniel Winnik Jerome Samson 10 0 1 4
5 vs 5 Defense
Defense Defense Time % Phy DF OF
1 Jared Cowen Eric Gryba 40 0 2 3
2 Derek Joslin Cameron Gaunce 30 0 2 3
3 Nate Guenin Tom Gilbert 20 0 2 3
4 Jared Cowen Eric Gryba 10 0 2 3
PowerPlay Forward
Center Left Wing Right Wing Time % Phy DF OF
1 Brayden Schenn Evander Kane Reilly Smith 60 0 0 5
2 Ryan O'Reilly Ben Eager Eric Godard 40 0 0 5
PowerPlay Defense
Defense Defense Time % Phy DF OF
1 Jared Cowen Eric Gryba 60 0 1 4
2 Derek Joslin Tom Gilbert 40 0 1 4
Penalty Kill 4 Players Forward
Center Wing Time % Phy DF OF
1 Brayden Schenn Evander Kane 60 1 4 0
2 Ryan O'Reilly Reilly Smith 40 1 4 0
Penalty Kill 4 Players Defense
Defense Defense Time % Phy DF OF
1 Jared Cowen Eric Gryba 60 1 4 0
2 Derek Joslin Tom Gilbert 40 1 4 0
Penalty Kill - 3 Players Forward
Forward Time % Phy DF OF
1 Brayden Schenn 60 1 4 0
2 Denis Shvidki 40 1 4 0
Penalty Kill - 3 Players Defense
Defense Defense Time % Phy DF OF
1 Jared Cowen Eric Gryba 60 1 4 0
2 Derek Joslin Tom Gilbert 40 1 4 0
4 vs 4 Forward
Center Wing Time % Phy DF OF
1 Brayden Schenn Evander Kane 60 0 1 4
2 Ryan O'Reilly Reilly Smith 40 0 1 4
4 vs 4 Defense
Defense Defense Time % Phy DF OF
1 Jared Cowen Eric Gryba 60 0 2 3
2 Derek Joslin Tom Gilbert 40 0 2 3
Last Minutes Offensive
Center Left Wing Right Wing Defense Defense
Brayden Schenn Evander Kane Reilly Smith Jared Cowen Derek Joslin
Last Minutes Defensive
Center Left Wing Right Wing Defense Defense
Ryan O'Reilly Ben Eager Eric Godard Jared Cowen Derek Joslin
Goaltenders
Starting : Maxime Ouellet
Backup : Chet Pickard
Extra Forwards
Normal : Evander Kane, Brayden Schenn, Ryan O'Reilly - PP : Ryan O'Reilly, Evander Kane - PK : Daniel Winnik
Extra Defensemen
Normal : Jared Cowen, Eric Gryba, Derek Joslin - PP : Jared Cowen - PK : Eric Gryba, Derek Joslin
Penalty Shots
Brayden Schenn, Evander Kane, Ben Eager, Reilly Smith, Ryan O'Reilly
% Time on Ice - Thunder
Lines # - Real PCT - Wanted PCT - Time Play
Normal Forward
1 - 36% - 40% - 18:24
2 - 26% - 30% - 13:33
3 - 21% - 20% - 10:34
4 - 17% - 10% - 8:50
Normal Defense
1 - 40% - 40% - 20:17
2 - 31% - 30% - 15:43
3 - 20% - 20% - 10:07
4 - 10% - 10% - 5:14
PP Forward
1 - 0% - 60%
2 - 0% - 40%
PP Defense
1 - 0% - 60%
2 - 0% - 40%
PK Forward
1 - 71% - 60% - 5:13
2 - 29% - 40% - 2:10
PK Defense
1 - 60% - 60% - 4:25
2 - 40% - 40% - 2:58
PK3 Forward
1 - 75% - 60% - 0:57
2 - 25% - 40% - 0:19
PK3 Defense
1 - 53% - 60% - 0:40
2 - 47% - 40% - 0:36
44 Forward
1 - 0% - 60%
2 - 0% - 40%
44 Defense
1 - 0% - 60%
2 - 0% - 40%
Last Minute Offensive - 0:00
Last Minute Defensive - 0:00
Total
Forward - 60:00
Defense - 60:00
|
% Time on Ice - Mustangs
Lines # - Real PCT - Wanted PCT - Time Play
Normal Forward
1 - 33% - 40% - 17:11
2 - 29% - 30% - 14:53
3 - 25% - 20% - 13:00
4 - 12% - 10% - 6:17
Normal Defense
1 - 38% - 40% - 19:42
2 - 32% - 30% - 16:30
3 - 24% - 20% - 12:15
4 - 6% - 10% - 2:54
PP Forward
1 - 52% - 60% - 4:28
2 - 48% - 40% - 4:11
PP Defense
1 - 53% - 60% - 4:35
2 - 47% - 40% - 4:04
PK Forward
1 - 0% - 60%
2 - 0% - 40%
PK Defense
1 - 0% - 60%
2 - 0% - 40%
PK3 Forward
1 - 0% - 60%
2 - 0% - 40%
PK3 Defense
1 - 0% - 60%
2 - 0% - 40%
44 Forward
1 - 0% - 60%
2 - 0% - 40%
44 Defense
1 - 0% - 60%
2 - 0% - 40%
Last Minute Offensive - 0:00
Last Minute Defensive - 0:00
Total
Forward - 60:00
Defense - 60:00
|
Play by Play
1st period
0:01 of 1st period - Tom Pyatt wins face-off versus Brayden Schenn in neutral zone.
1:09 of 1st period - Snap shot by Rick Schofield.
1:09 of 1st period - Deflect By Daniel Winnik.
1:09 of 1st period - Stopped by Corey Crawford with a rebound.
1:11 of 1st period - Slapshot by Derek Joslin.
1:11 of 1st period - Shot Blocked by Jannik Hansen.
1:13 of 1st period - Slapshot by Cameron Gaunce.
1:13 of 1st period - Stopped by Corey Crawford with a rebound.
1:17 of 1st period - Backhand shot by Jerome Samson.
1:17 of 1st period - Shot Misses the Net.
1:31 of 1st period - Adam Hall is hit by Evander Kane.
1:34 of 1st period - Off-side.
1:35 of 1st period - Ryan O'Reilly wins face-off versus Tom Pyatt in neutral zone.
2:25 of 1st period - Slapshot by Rick Schofield.
2:25 of 1st period - Stopped by Corey Crawford with a rebound.
2:33 of 1st period - Snap shot by Daniel Winnik.
2:33 of 1st period - Shot Misses the Net.
2:35 of 1st period - Backhand shot by Nate Guenin.
2:35 of 1st period - Stopped by Corey Crawford without a rebound.
2:36 of 1st period - Adam Hall wins face-off versus Brayden Schenn in Thunder zone.
2:36 of 1st period - Adam Hall is hit by Cameron Gaunce.
2:48 of 1st period - Snap shot by Dany Roussin.
2:48 of 1st period - Stopped by Maxime Ouellet without a rebound.
2:49 of 1st period - Ryan O'Reilly wins face-off versus Brandon Mashinter in Mustangs zone.
3:18 of 1st period - Eric Gryba is hit by Dany Roussin and loses puck.
3:42 of 1st period - Snap shot by Evander Kane.
3:42 of 1st period - Shot Misses the Net.
4:00 of 1st period - Eric Gryba is hit by Kelly Zajac and loses puck.
5:37 of 1st period - Slapshot by Matt Martin.
5:37 of 1st period - Stopped by Maxime Ouellet with a rebound.
5:57 of 1st period - Snap shot by Ryan O'Reilly.
5:57 of 1st period - Shot Misses the Net.
6:14 of 1st period - Snap shot by Riley Armstrong.
6:14 of 1st period - Shot Misses the Net.
6:16 of 1st period - Slapshot by Nate Guenin.
6:16 of 1st period - Shot Misses the Net.
6:46 of 1st period - Pierre-Alexandre Parenteau is hit by Ryan O'Reilly and loses puck.
7:05 of 1st period - Joey Ryan is hit by Daniel Winnik and loses puck.
8:52 of 1st period - Slapshot by Matt Generous.
8:52 of 1st period - Stopped by Maxime Ouellet with a rebound.
8:54 of 1st period - Snap shot by Keith Yandle.
8:54 of 1st period - Shot Misses the Net.
9:22 of 1st period - Slapshot by Keith Yandle.
9:22 of 1st period - Deflect By Nate Guenin.
9:22 of 1st period - Stopped by Maxime Ouellet without a rebound.
9:23 of 1st period - Brayden Schenn wins face-off versus Tom Pyatt in Mustangs zone.
9:37 of 1st period - Off-side.
9:38 of 1st period - Brandon Mashinter wins face-off versus Brayden Schenn in neutral zone.
11:17 of 1st period - Wrist shot by Matt Martin.
11:17 of 1st period - Stopped by Maxime Ouellet with a rebound.
11:34 of 1st period - Minor Penalty to Colby Cohen for Hooking.
11:35 of 1st period - Adam Hall wins face-off versus Brayden Schenn in Thunder zone.
12:31 of 1st period - Joey Ryan is hit by Derek Joslin and loses puck.
13:18 of 1st period - Jared Cowen is hit by Dany Roussin and loses puck.
13:34 of 1st period - Penalty to Colby Cohen is over, Colby Cohen is back on ice.
13:41 of 1st period - Joey Ryan is hit by Daniel Winnik and loses puck.
14:11 of 1st period - Snap shot by Tom Pyatt.
14:11 of 1st period - Shot Misses the Net.
14:31 of 1st period - Slapshot by Keith Yandle.
14:31 of 1st period - Deflect By Tom Pyatt.
14:31 of 1st period - Goal by Tom Pyatt - Thunder : 1 - Mustangs : 0.
14:32 of 1st period - Matt Martin wins face-off versus Brayden Schenn in neutral zone.
15:26 of 1st period - Slapshot by Keith Yandle.
15:26 of 1st period - Shot Blocked by Tom Gilbert.
15:28 of 1st period - Wrist shot by Adam Hall.
15:28 of 1st period - Stopped by Maxime Ouellet without a rebound.
15:29 of 1st period - Tom Pyatt wins face-off versus Reilly Smith in Mustangs zone.
15:42 of 1st period - Wrist shot by Evander Kane.
15:42 of 1st period - Shot Hit the Post.
15:50 of 1st period - Nate Guenin is hit by Tom Pyatt and loses puck.
15:59 of 1st period - Wrist shot by Adam Hall.
15:59 of 1st period - Stopped by Maxime Ouellet with a rebound.
16:17 of 1st period - Snap shot by Adam Hall.
16:17 of 1st period - Goal by Adam Hall - Thunder : 2 - Mustangs : 0.
16:18 of 1st period - Ryan O'Reilly wins face-off versus Brandon Mashinter in neutral zone.
16:21 of 1st period - Slapshot by Eric Godard.
16:21 of 1st period - Stopped by Corey Crawford with a rebound.
16:43 of 1st period - Daultan Leveillé is hit by Riley Armstrong.
16:51 of 1st period - Slapshot by Robin Leblanc.
16:51 of 1st period - Stopped by Maxime Ouellet without a rebound.
16:52 of 1st period - Brandon Mashinter wins face-off versus Brayden Schenn in Mustangs zone.
17:42 of 1st period - Robin Leblanc is hit by Jared Cowen and loses puck.
18:37 of 1st period - Wrist shot by Adam Hall.
18:37 of 1st period - Goal by Adam Hall - Thunder : 3 - Mustangs : 0.
18:38 of 1st period - Tom Pyatt wins face-off versus Brayden Schenn in neutral zone.
18:43 of 1st period - Wrist shot by Dany Roussin.
18:43 of 1st period - Deflect By Evander Kane.
18:43 of 1st period - Stopped by Maxime Ouellet with a rebound.
Goals for this period are 3 for Thunder vs 0 for Mustangs.
Shots for this period are 12 for Thunder vs 5 for Mustangs.
2nd period
0:01 of 2nd period - Brayden Schenn wins face-off versus Tom Pyatt in neutral zone.
0:14 of 2nd period - Wrist shot by Dany Roussin.
0:14 of 2nd period - Stopped by Maxime Ouellet with a rebound.
0:16 of 2nd period - Slapshot by David Fischer.
0:16 of 2nd period - Shot Misses the Net.
0:26 of 2nd period - Ryan O'Reilly is hit by Matt Martin and loses puck.
0:48 of 2nd period - Minor Penalty to Casey Pierro-Zabotel for Delaying the game.
0:49 of 2nd period - Adam Hall wins face-off versus Brayden Schenn in Thunder zone.
0:57 of 2nd period - Slapshot by Tom Gilbert.
0:57 of 2nd period - Stopped by Corey Crawford with a rebound.
1:16 of 2nd period - Icing by Tom Gilbert.
1:17 of 2nd period - Dany Roussin wins face-off versus Ryan O'Reilly in Mustangs zone.
1:28 of 2nd period - Wrist shot by Matt Martin.
1:28 of 2nd period - Deflect By Dany Roussin.
1:28 of 2nd period - Shot Misses the Net.
1:28 of 2nd period - Puck is out of play.
1:29 of 2nd period - Brayden Schenn wins face-off versus Adam Hall in Mustangs zone.
2:48 of 2nd period - Penalty to Casey Pierro-Zabotel is over, Casey Pierro-Zabotel is back on ice.
3:04 of 2nd period - Slapshot by Matt Generous.
3:04 of 2nd period - Shot Misses the Net.
3:28 of 2nd period - Wrist shot by Daniel Winnik.
3:28 of 2nd period - Stopped by Corey Crawford with a rebound.
3:30 of 2nd period - Snap shot by Jerome Samson.
3:30 of 2nd period - Stopped by Corey Crawford with a rebound.
3:52 of 2nd period - Minor Penalty to Mat Clark for Slashing.
3:53 of 2nd period - Adam Hall wins face-off versus Brayden Schenn in Thunder zone.
5:52 of 2nd period - Penalty to Mat Clark is over, Mat Clark is back on ice.
6:00 of 2nd period - Slapshot by Tom Gilbert.
6:00 of 2nd period - Stopped by Corey Crawford without a rebound.
6:01 of 2nd period - Riley Armstrong wins face-off versus Kelly Zajac in Thunder zone.
6:04 of 2nd period - Snap shot by Denis Shvidki.
6:04 of 2nd period - Shot Misses the Net.
6:06 of 2nd period - Slapshot by Jared Cowen.
6:06 of 2nd period - Deflect By Denis Shvidki.
6:06 of 2nd period - Shot Blocked by Joey Ryan.
6:06 of 2nd period - Puck is out of play.
6:07 of 2nd period - Brandon Mashinter wins face-off versus Riley Armstrong in Thunder zone.
6:22 of 2nd period - David Fischer is hit by Marcus Foligno and loses puck.
6:43 of 2nd period - Snap shot by Dany Roussin.
6:43 of 2nd period - Shot Misses the Net.
6:45 of 2nd period - Snap shot by Tom Pyatt.
6:45 of 2nd period - Stopped by Maxime Ouellet without a rebound.
6:46 of 2nd period - Brayden Schenn wins face-off versus Tom Pyatt in Mustangs zone.
6:51 of 2nd period - Slapshot by Nate Guenin.
6:51 of 2nd period - Shot Blocked by Mat Clark.
6:55 of 2nd period - Wrist shot by Evander Kane.
6:55 of 2nd period - Shot Misses the Net.
6:57 of 2nd period - Slapshot by Brayden Schenn.
6:57 of 2nd period - Stopped by Corey Crawford with a rebound.
6:59 of 2nd period - Snap shot by Reilly Smith.
6:59 of 2nd period - Stopped by Corey Crawford with a rebound.
7:01 of 2nd period - Slapshot by Evander Kane.
7:01 of 2nd period - Shot Blocked by Tom Pyatt.
7:23 of 2nd period - Icing by Ben Eager.
7:24 of 2nd period - Ryan O'Reilly wins face-off versus Pierre-Alexandre Parenteau in Mustangs zone.
7:45 of 2nd period - Wrist shot by Tom Gilbert.
7:45 of 2nd period - Stopped by Corey Crawford with a rebound.
7:51 of 2nd period - Nate Guenin is hit by Tom Pyatt and loses puck.
8:32 of 2nd period - Off-side.
8:33 of 2nd period - Riley Armstrong wins face-off versus Tom Pyatt in neutral zone.
9:00 of 2nd period - Denis Shvidki is hit by Keith Yandle and loses puck.
9:07 of 2nd period - Snap shot by Daultan Leveillé.
9:07 of 2nd period - Stopped by Maxime Ouellet without a rebound.
9:08 of 2nd period - Brandon Mashinter wins face-off versus Brayden Schenn in Mustangs zone.
9:09 of 2nd period - Snap shot by Matt Martin.
9:09 of 2nd period - Shot Misses the Net.
9:41 of 2nd period - Slapshot by Derek Joslin.
9:41 of 2nd period - Deflect By Ryan O'Reilly.
9:41 of 2nd period - Shot Misses the Net.
9:41 of 2nd period - Puck is out of play.
9:42 of 2nd period - Tom Pyatt wins face-off versus Ryan O'Reilly in Thunder zone.
9:46 of 2nd period - Icing by Tom Pyatt.
9:47 of 2nd period - Dany Roussin wins face-off versus Ryan O'Reilly in Thunder zone.
10:21 of 2nd period - Snap shot by Matt Martin.
10:21 of 2nd period - Stopped by Maxime Ouellet with a rebound.
10:45 of 2nd period - Slapshot by Matt Generous.
10:45 of 2nd period - Stopped by Maxime Ouellet with a rebound.
10:49 of 2nd period - Wrist shot by Dalton Smith.
10:49 of 2nd period - Stopped by Maxime Ouellet without a rebound.
10:50 of 2nd period - Tom Pyatt wins face-off versus Ryan O'Reilly in Mustangs zone.
11:00 of 2nd period - Snap shot by Adam Hall.
11:00 of 2nd period - Shot Blocked by Cameron Gaunce.
11:06 of 2nd period - Wrist shot by Tom Pyatt.
11:06 of 2nd period - Shot Misses the Net.
11:16 of 2nd period - Cameron Gaunce is hit by Joey Ryan and loses puck.
11:57 of 2nd period - Snap shot by Riley Armstrong.
11:57 of 2nd period - Deflect By Daniel Winnik.
11:57 of 2nd period - Shot Misses the Net.
11:57 of 2nd period - Puck is out of play.
11:58 of 2nd period - Rick Schofield wins face-off versus Kelly Zajac in Thunder zone.
12:05 of 2nd period - Wrist shot by Daniel Winnik.
12:05 of 2nd period - Stopped by Corey Crawford with a rebound.
12:23 of 2nd period - Jannik Hansen is hit by Ryan O'Reilly and loses puck.
12:56 of 2nd period - Denis Shvidki is hit by Jannik Hansen and loses puck.
13:28 of 2nd period - Matt Martin is hit by Jared Cowen and loses puck.
13:35 of 2nd period - Snap shot by Daniel Winnik.
13:35 of 2nd period - Stopped by Corey Crawford without a rebound.
13:36 of 2nd period - Evander Kane wins face-off versus Tom Pyatt in Thunder zone.
14:03 of 2nd period - Snap shot by Matt Martin.
14:03 of 2nd period - Stopped by Maxime Ouellet with a rebound.
14:05 of 2nd period - Snap shot by Matt Generous.
14:05 of 2nd period - Stopped by Maxime Ouellet without a rebound.
14:06 of 2nd period - Ryan O'Reilly wins face-off versus Brandon Mashinter in Mustangs zone.
14:21 of 2nd period - Wrist shot by Ben Eager.
14:21 of 2nd period - Shot Misses the Net.
14:31 of 2nd period - Joey Ryan is hit by Marcus Foligno and loses puck.
14:44 of 2nd period - Snap shot by Matt Martin.
14:44 of 2nd period - Shot Misses the Net.
14:46 of 2nd period - Snap shot by Brandon Mashinter.
14:46 of 2nd period - Shot Blocked by Denis Shvidki.
14:48 of 2nd period - Slapshot by Matt Generous.
14:48 of 2nd period - Shot Misses the Net.
14:50 of 2nd period - Snap shot by Pierre-Alexandre Parenteau.
14:50 of 2nd period - Goal by Pierre-Alexandre Parenteau - Thunder : 4 - Mustangs : 0.
14:51 of 2nd period - Tom Pyatt wins face-off versus Brayden Schenn in neutral zone.
15:05 of 2nd period - Slapshot by Derek Joslin.
15:05 of 2nd period - Shot Blocked by David Fischer.
15:07 of 2nd period - Snap shot by Derek Joslin.
15:07 of 2nd period - Shot Misses the Net.
15:30 of 2nd period - Snap shot by Casey Pierro-Zabotel.
15:30 of 2nd period - Stopped by Maxime Ouellet without a rebound.
15:31 of 2nd period - Brayden Schenn wins face-off versus Pierre-Alexandre Parenteau in Mustangs zone.
15:31 of 2nd period - Brayden Schenn is hit by Pierre-Alexandre Parenteau.
15:45 of 2nd period - Snap shot by Evander Kane.
15:45 of 2nd period - Shot Hit the Post.
15:47 of 2nd period - Slapshot by Jared Cowen.
15:47 of 2nd period - Deflect By Matt Generous.
15:47 of 2nd period - Stopped by Corey Crawford with a rebound.
15:57 of 2nd period - Tom Pyatt is hit by Ben Eager and loses puck.
16:23 of 2nd period - Mat Clark is hit by Ben Eager and loses puck.
16:38 of 2nd period - Snap shot by Eric Godard.
16:38 of 2nd period - Goal by Eric Godard - Thunder : 4 - Mustangs : 1.
16:39 of 2nd period - Brayden Schenn wins face-off versus Tom Pyatt in neutral zone.
17:09 of 2nd period - Snap shot by Brayden Schenn.
17:09 of 2nd period - Deflect By Evander Kane.
17:09 of 2nd period - Shot Blocked by Robin Leblanc.
17:09 of 2nd period - Puck is out of play.
17:10 of 2nd period - Ryan O'Reilly wins face-off versus Daultan Leveillé in Thunder zone.
17:11 of 2nd period - Wrist shot by Ben Eager.
17:11 of 2nd period - Stopped by Corey Crawford with a rebound.
17:13 of 2nd period - Snap shot by Ryan O'Reilly.
17:13 of 2nd period - Deflect By Ben Eager.
17:13 of 2nd period - Stopped by Corey Crawford with a rebound.
17:15 of 2nd period - Slapshot by Derek Joslin.
17:15 of 2nd period - Shot Misses the Net.
17:17 of 2nd period - Snap shot by Eric Godard.
17:17 of 2nd period - Shot Misses the Net.
17:19 of 2nd period - Snap shot by Cameron Gaunce.
17:19 of 2nd period - Stopped by Corey Crawford without a rebound.
17:20 of 2nd period - Ryan O'Reilly wins face-off versus Tom Pyatt in Thunder zone.
17:27 of 2nd period - Snap shot by Tom Pyatt.
17:27 of 2nd period - Stopped by Maxime Ouellet without a rebound.
17:28 of 2nd period - Reilly Smith wins face-off versus Tom Pyatt in Mustangs zone.
18:22 of 2nd period - Snap shot by Ben Eager.
18:22 of 2nd period - Shot Blocked by Pierre-Alexandre Parenteau.
18:24 of 2nd period - Wrist shot by Eric Godard.
18:24 of 2nd period - Stopped by Corey Crawford with a rebound.
18:26 of 2nd period - Slapshot by Derek Joslin.
18:26 of 2nd period - Deflect By Eric Godard.
18:26 of 2nd period - Stopped by Corey Crawford with a rebound.
18:28 of 2nd period - Slapshot by Ben Eager.
18:28 of 2nd period - Goal by Ben Eager - Thunder : 4 - Mustangs : 2.
18:29 of 2nd period - Brayden Schenn wins face-off versus Brandon Mashinter in neutral zone.
18:59 of 2nd period - Slapshot by Eric Godard.
18:59 of 2nd period - Shot Misses the Net.
19:01 of 2nd period - Slapshot by Eric Gryba.
19:01 of 2nd period - Shot Blocked by Matt Generous.
19:03 of 2nd period - Wrist shot by Ryan O'Reilly.
19:03 of 2nd period - Stopped by Corey Crawford without a rebound.
19:04 of 2nd period - Tom Pyatt wins face-off versus Riley Armstrong in Thunder zone.
19:31 of 2nd period - Wrist shot by Robin Leblanc.
19:31 of 2nd period - Shot Misses the Net.
19:33 of 2nd period - Wrist shot by Brett Festerling.
19:33 of 2nd period - Shot Misses the Net.
19:35 of 2nd period - Wrist shot by Robin Leblanc.
19:35 of 2nd period - Stopped by Maxime Ouellet with a rebound.
19:39 of 2nd period - Snap shot by Daultan Leveillé.
19:39 of 2nd period - Shot Misses the Net.
19:41 of 2nd period - Wrist shot by Daultan Leveillé.
19:41 of 2nd period - Stopped by Maxime Ouellet with a rebound.
19:55 of 2nd period - Slapshot by Pierre-Alexandre Parenteau.
19:55 of 2nd period - Stopped by Maxime Ouellet without a rebound.
19:56 of 2nd period - Tom Pyatt wins face-off versus Brayden Schenn in Mustangs zone.
Goals for this period are 1 for Thunder vs 2 for Mustangs.
Shots for this period are 14 for Thunder vs 18 for Mustangs.
3rd period
0:01 of 3rd period - Evander Kane wins face-off versus Tom Pyatt in neutral zone.
0:08 of 3rd period - Snap shot by Evander Kane.
0:08 of 3rd period - Stopped by Corey Crawford without a rebound.
0:09 of 3rd period - Tom Pyatt wins face-off versus Brayden Schenn in Thunder zone.
0:18 of 3rd period - Snap shot by Reilly Smith.
0:18 of 3rd period - Shot Misses the Net.
0:24 of 3rd period - Wrist shot by Brayden Schenn.
0:24 of 3rd period - Stopped by Corey Crawford with a rebound.
0:26 of 3rd period - Snap shot by Evander Kane.
0:26 of 3rd period - Shot Misses the Net.
0:28 of 3rd period - Slapshot by Evander Kane.
0:28 of 3rd period - Shot Misses the Net.
0:46 of 3rd period - Snap shot by Adam Hall.
0:46 of 3rd period - Shot Blocked by Eric Gryba.
0:56 of 3rd period - Slapshot by Jared Cowen.
0:56 of 3rd period - Goal by Jared Cowen - Thunder : 4 - Mustangs : 3.
0:57 of 3rd period - Brandon Mashinter wins face-off versus Ryan O'Reilly in neutral zone.
0:59 of 3rd period - Off-side.
1:00 of 3rd period - Brandon Mashinter wins face-off versus Ryan O'Reilly in neutral zone.
1:13 of 3rd period - Wrist shot by Ryan O'Reilly.
1:13 of 3rd period - Shot Misses the Net.
1:15 of 3rd period - Slapshot by Derek Joslin.
1:15 of 3rd period - Shot Blocked by David Fischer.
1:25 of 3rd period - Snap shot by Brayden Schenn.
1:25 of 3rd period - Shot Misses the Net.
1:27 of 3rd period - Slapshot by Derek Joslin.
1:27 of 3rd period - Shot Misses the Net.
1:29 of 3rd period - Slapshot by Evander Kane.
1:29 of 3rd period - Stopped by Corey Crawford without a rebound.
1:30 of 3rd period - Tom Pyatt wins face-off versus Brayden Schenn in Thunder zone.
1:55 of 3rd period - Eric Gryba is hit by Matt Martin.
2:16 of 3rd period - Icing by Keith Yandle.
2:17 of 3rd period - Marcus Foligno wins face-off versus Daultan Leveillé in Thunder zone.
2:18 of 3rd period - Wrist shot by Riley Armstrong.
2:18 of 3rd period - Stopped by Corey Crawford with a rebound.
2:26 of 3rd period - Slapshot by Eric Gryba.
2:26 of 3rd period - Deflect By Keith Yandle.
2:26 of 3rd period - Stopped by Corey Crawford with a rebound.
2:50 of 3rd period - Snap shot by Evander Kane.
2:50 of 3rd period - Shot Misses the Net.
2:52 of 3rd period - Slapshot by Eric Gryba.
2:52 of 3rd period - Stopped by Corey Crawford with a rebound.
3:04 of 3rd period - Eric Godard is hit by Matt Martin and loses puck.
4:07 of 3rd period - Snap shot by Adam Hall.
4:07 of 3rd period - Stopped by Maxime Ouellet with a rebound.
4:09 of 3rd period - Snap shot by Tom Pyatt.
4:09 of 3rd period - Shot Misses the Net.
4:11 of 3rd period - Snap shot by Dany Roussin.
4:11 of 3rd period - Shot Misses the Net.
4:29 of 3rd period - Slapshot by Eric Godard.
4:29 of 3rd period - Deflect By Brett Festerling.
4:29 of 3rd period - Shot Misses the Net.
4:29 of 3rd period - Puck is out of play.
4:30 of 3rd period - Ryan O'Reilly wins face-off versus Brandon Mashinter in Thunder zone.
4:33 of 3rd period - Wrist shot by Ben Eager.
4:33 of 3rd period - Stopped by Corey Crawford without a rebound.
4:34 of 3rd period - Brayden Schenn wins face-off versus Brandon Mashinter in Thunder zone.
4:43 of 3rd period - Snap shot by Brayden Schenn.
4:43 of 3rd period - Stopped by Corey Crawford with a rebound.
5:21 of 3rd period - Wrist shot by Denis Shvidki.
5:21 of 3rd period - Deflect By Riley Armstrong.
5:21 of 3rd period - Shot Blocked by Casey Pierro-Zabotel.
5:21 of 3rd period - Puck is out of play.
5:22 of 3rd period - Riley Armstrong wins face-off versus Robin Leblanc in Thunder zone.
6:03 of 3rd period - Minor Penalty to David Fischer for High sticking.
6:04 of 3rd period - Pierre-Alexandre Parenteau wins face-off versus Brayden Schenn in Thunder zone.
6:40 of 3rd period - Slapshot by Eric Gryba.
6:40 of 3rd period - Stopped by Corey Crawford with a rebound.
6:46 of 3rd period - Minor Penalty to Joey Ryan for Slashing.
6:47 of 3rd period - Brayden Schenn wins face-off versus Adam Hall in Thunder zone.
6:58 of 3rd period - Snap shot by Reilly Smith.
6:58 of 3rd period - Stopped by Corey Crawford with a rebound.
7:36 of 3rd period - Evander Kane is hit by Daultan Leveillé and loses puck.
8:03 of 3rd period - Penalty to David Fischer is over, David Fischer is back on ice.
8:46 of 3rd period - Penalty to Joey Ryan is over, Joey Ryan is back on ice.
9:00 of 3rd period - Wrist shot by Daniel Winnik.
9:00 of 3rd period - Stopped by Corey Crawford with a rebound.
10:27 of 3rd period - Wrist shot by Matt Martin.
10:27 of 3rd period - Stopped by Maxime Ouellet with a rebound.
10:39 of 3rd period - Eric Gryba is hit by David Fischer and loses puck.
11:22 of 3rd period - Slapshot by Brett Festerling.
11:22 of 3rd period - Shot Blocked by Tom Gilbert.
11:40 of 3rd period - Daultan Leveillé is hit by Tom Gilbert and loses puck.
11:57 of 3rd period - Snap shot by Kelly Zajac.
11:57 of 3rd period - Shot Misses the Net.
11:59 of 3rd period - Slapshot by Joey Ryan.
11:59 of 3rd period - Shot Misses the Net.
12:54 of 3rd period - Wrist shot by Daultan Leveillé.
12:54 of 3rd period - Goal by Daultan Leveillé - Thunder : 5 - Mustangs : 3.
12:55 of 3rd period - Tom Pyatt wins face-off versus Brayden Schenn in neutral zone.
13:21 of 3rd period - Ryan O'Reilly is hit by Brandon Mashinter and loses puck.
13:34 of 3rd period - Wrist shot by Brandon Mashinter.
13:34 of 3rd period - Stopped by Maxime Ouellet with a rebound.
14:51 of 3rd period - Wrist shot by Matt Martin.
14:51 of 3rd period - Goal by Matt Martin - Thunder : 6 - Mustangs : 3.
14:52 of 3rd period - Tom Pyatt wins face-off versus Brayden Schenn in neutral zone.
14:59 of 3rd period - Snap shot by Adam Hall.
14:59 of 3rd period - Stopped by Maxime Ouellet without a rebound.
15:00 of 3rd period - Tom Pyatt wins face-off versus Brayden Schenn in Mustangs zone.
15:09 of 3rd period - Snap shot by Tom Pyatt.
15:09 of 3rd period - Shot Misses the Net.
15:15 of 3rd period - Snap shot by Adam Hall.
15:15 of 3rd period - Deflect By Dany Roussin.
15:15 of 3rd period - Stopped by Maxime Ouellet with a rebound.
15:33 of 3rd period - Snap shot by Pierre-Alexandre Parenteau.
15:33 of 3rd period - Stopped by Maxime Ouellet without a rebound.
15:34 of 3rd period - Ryan O'Reilly wins face-off versus Tom Pyatt in Mustangs zone.
15:49 of 3rd period - Snap shot by Dany Roussin.
15:49 of 3rd period - Shot Misses the Net.
16:06 of 3rd period - Wrist shot by Brett Festerling.
16:06 of 3rd period - Deflect By Pierre-Alexandre Parenteau.
16:06 of 3rd period - Stopped by Maxime Ouellet with a rebound.
16:22 of 3rd period - Snap shot by Denis Shvidki.
16:22 of 3rd period - Deflect By Marcus Foligno.
16:22 of 3rd period - Shot Blocked by Daultan Leveillé.
16:22 of 3rd period - Puck is out of play.
16:23 of 3rd period - Tom Pyatt wins face-off versus Riley Armstrong in Thunder zone.
17:20 of 3rd period - Slapshot by Evander Kane.
17:20 of 3rd period - Shot Misses the Net.
17:22 of 3rd period - Wrist shot by Reilly Smith.
17:22 of 3rd period - Deflect By Evander Kane.
17:22 of 3rd period - Shot Misses the Net.
17:22 of 3rd period - Puck is out of play.
17:23 of 3rd period - Tom Pyatt wins face-off versus Ryan O'Reilly in Thunder zone.
17:36 of 3rd period - Wrist shot by Eric Godard.
17:36 of 3rd period - Shot Misses the Net.
17:38 of 3rd period - Wrist shot by Cameron Gaunce.
17:38 of 3rd period - Shot Misses the Net.
17:48 of 3rd period - Tom Pyatt is hit by Marcus Foligno and loses puck.
19:05 of 3rd period - Snap shot by Riley Armstrong.
19:05 of 3rd period - Deflect By Denis Shvidki.
19:05 of 3rd period - Shot Blocked by David Fischer.
19:05 of 3rd period - Puck is out of play.
19:06 of 3rd period - Brandon Mashinter wins face-off versus Riley Armstrong in Thunder zone.
19:31 of 3rd period - Riley Armstrong is hit by Brett Festerling.
Goals for this period are 2 for Thunder vs 1 for Mustangs.
Shots for this period are 9 for Thunder vs 12 for Mustangs.
Back to the Top